 Dungeon Crawl Stone Soup version 0.25-a0-860-gf695395b5c (webtiles) character file.

Game seed: 6492958737535760585, levelgen mode: deterministic

11 Esekla the Chiller (level 2, 0/13 HPs)
             Began as a Spriggan Ice Elementalist on Apr 27, 2020.
             Slain by a bat (1 damage)
             ... on level 3 of the Dungeon.
             The game lasted 00:07:48 (971 turns).

Esekla the Chiller (Spriggan Ice Elementalist)       Turns: 971, Time: 00:07:49

Health: 0/13       AC:  2    Str:  4    XL:     2   Next: 17%
Magic:  7/7        EV: 17    Int: 16    God:
Gold:   86         SH:  0    Dex: 16    Spells: 6/7 levels left

rFire    . . .     SeeInvis +   b - +0 dagger
rCold    . . .     Gourm    .   (shield restricted)
rNeg     . . .     Faith    .   a - +0 robe
rPois    .         Spirit   .   (helmet restricted)
rElec    .         Reflect  .   (no cloak)
rCorr    .         Harm     .   (gloves unavailable)
MR       .....                  (boots unavailable)
Stlth    ++........             (no amulet)
HPRegen  0.04/turn              (no ring)
MPRegen  0.10/turn              (no ring)

@: heavily drained, very quick
A: very small, unfitting armour, see invisible, herbivore, speed 3, slow
metabolism 2
a: no special abilities


You were on level 3 of the Dungeon.
You were not hungry.

You visited 1 branch of the dungeon, and saw 5 of its levels.

You collected 86 gold pieces.

Inventory:

Hand Weapons
 b - a +0 dagger (weapon)
Armour
 a - a +0 robe (worn)
Jewellery
 i - an uncursed amulet of harm
Scrolls
 d - a scroll of enchant weapon {unknown}
 e - 2 scrolls of remove curse {unknown}
 g - a scroll of blinking {unknown}
 h - a scroll of amnesia {unknown}
 j - 2 scrolls of identify {unknown}
 m - a scroll of immolation {unknown}
 n - a scroll of random uselessness {unknown}
Potions
 f - a potion of stabbing {unknown}
 k - a potion of cancellation {unknown}
 l - a potion of lignification {unknown}
Comestibles
 c - 5 rations


   Skills:
 * Level 0.3(0.0) Short Blades
 + Level 3.1(1.5) Dodging
 + Level 3.1(1.5) Stealth
 * Level 3.0(1.4) Spellcasting
 - Level 3.4(1.8) Ice Magic


You had 6 spell levels left.
You knew the following spells:

 Your Spells              Type           Power        Failure   Level  Hunger
a - Freeze                Ice            #...         11%         1    ##.....

Your spell library contained the following spells:

 Spells                   Type           Power        Failure   Level  Hunger
 Frozen Ramparts          Ice            #.....       30%         3    ####...
 Ozocubu's Armour         Chrm/Ice       #.......     41%         3    ####...
 Hailstorm                Conj/Ice       #.......     83%         4    #####..
 Summon Ice Beast         Ice/Summ       #.......     83%         4    #####..


Dungeon Overview and Level Annotations

Branches:
Dungeon (5/15)
 Temple: D:4-7

Altars:
Trog
Zin

Annotations:
D:4 1 runed translucent door, Valentain's ghost, novice GnGl


Innate Abilities, Weirdness & Mutations

You are very small and have problems with some larger weapons.
You are too small for most types of armour.
You have supernaturally acute eyesight. (SInv)
You are a herbivore.
You cover ground extremely quickly.
You need to consume almost no food.


Message History

The bat closely misses you. The bat closely misses you.
The bat closely misses you. The bat hits you.
* * * LOW HITPOINT WARNING * * *
The bat hits you but does no damage. The bat hits you but does no damage.
The bat hits you but does no damage. The bat barely misses you.
The bat misses you. The bat hits you but does no damage.
The bat closely misses you.
The orc shouts!
An orc comes into view. It is wielding a +0 hand axe.
The orc shouts!
The orc wizard shouts!
The jackal barks!
The bat hits you.
* * * LOW HITPOINT WARNING * * *
The bat misses you. The jackal misses you. The bat hits you.
You die...

.............#.......♣♣...
#...................♣P..PP
#................o..♣...♣
...........S........o..P♣
#..................o♣♣PP
#...................^♣♣♣
.♣♣♣♣♣♣♣♣♣......h......#####
. ....................... .
♣♣♣♣...#.b@......######
###%#.....>...#
#.#.........# #..#.......##
##.##.....## .. ####### #..


You could see an orc wizard, an adder, 2 orcs, a jackal and a bat.

Vanquished Creatures
  A leopard gecko (D:3)
  A ball python (D:1)
  A hobgoblin (D:1)
  3 jackals
  A kobold (D:1)
  2 bats (D:3)
9 creatures vanquished.

Notes
Turn   | Place    | Note
-------+----------+-------------------------------------------
     0 | D:1      | Esekla the Spriggan Ice Elementalist began the quest for
                  | the Orb.
     0 | D:1      | Reached XP level 1. HP: 9/9 MP: 5/5
   372 | D:3      | Noticed an orc wizard
   395 | D:4      | Reached XP level 2. HP: 13/13 MP: 3/6
   466 | D:5      | Entered Level 5 of the Dungeon
   587 | D:4      | Found a glowing silver altar of Zin.
   701 | D:4      | Found a runed translucent door.
   702 | D:4      | Noticed Valentain's ghost (novice GnGl)
   811 | D:3      | Found a bloodstained altar of Trog.
   971 | D:3      | Slain by a bat

Levels and vault maps discovered:
D:1:      psy_arrival_conway, layout_basic, kennysheep_flooded_box
D:2:      layout_basic, first_ration
D:3:      layout_rooms, lemuel_doored_altar, serial_forest,
          infiniplex_forest_end_3, infiniplex_forest_straight_3,
          infiniplex_forest_end_double, infiniplex_forest_clump_diagonal,
          infiniplex_forest_end_2, infiniplex_forest_end_1,
          infiniplex_forest_zigzag_1, uniq_crazy_yiuf_cottage, uniq_grinder
D:4:      layout_loops_cross, kennysheep_little_box, overflow_temple_1_default,
          ebering_ghost_sewer_f, kennysheep_generic_room_10
D:5:      lemuel_ice_spiral_2, layout_rooms, eat_drink_and_be_merry_uskayaw,
          basic_altar, hellmonk_ghost_happy_afterlife, serial_bayou_crossing

Skill      XL: |  1  2 |
---------------+-------+-----
Spellcasting   | 3 |  3.0
Short Blades   | |  0.3
Dodging        | |  3.1
Stealth        | |  3.1
Ice Magic      | |  3.4

Action                   || total
-------------------------++-------
Melee: Dagger            ||    19
 Cast: Freeze            ||    12
 Stab: Sleeping          ||     1
Armor: Robe              ||    15
Dodge: Dodged            ||    76

Table legend:
 A = Non-vault XP
 B = Vault XP
 C = Vault XP percentage of total XP
 D = Non-vault monster count
 E = Vault monster count
 F = Vault count percentage of total count
                 A         B        C        D         E       F
            +---------+---------+-------+---------+---------+-------
      Total |      17 |       0 |   0.0 |       9 |       0 |   0.0
            +---------+---------+-------+---------+---------+-------
        D:1 |      10 |       0 |   0.0 |       5 |       0 |   0.0
        D:3 |       5 |       0 |   0.0 |       3 |       0 |   0.0
        D:4 |       2 |       0 |   0.0 |       1 |       0 |   0.0
            +---------+---------+-------+---------+---------+-------
